cohdb
Replays
Latest Replays
All Replays
Popular Replays
Top Player Replays
Match Explorer
How It Works
Community
CoH3 Stats
Reddit
Sign in to upload your games and track your stats! →
Sign in with Steam
Match 45125201
Unlisted
Match 45125201
Overview
Messages
Build Orders
End
Construct Infanterie Kompanie
Grenadier Squad
MG 42 Machine Gun Team
Selects Luftwaffe Battlegroup
Selects Luftwaffe Pioneer Support
Fallschirmpioneer Squad Paradrop
Construct Panzergrenadier Kompanie
Fallschirmpioneer Squad Paradrop
Selects Stuka Strafing Run
Medical Station
Adelfos
LoCo|StetoGuy
Gwangju's Hero Chun Doo-gwang
Brick_man
.Scarlet.
aion907(ROK)
0
0
Comments
sign in to comment!
No comments posted yet!